RHODE ISLAND BEARS vs GUELPH STORM

Created - 8 novembre 2025 at 18:00

Goals
1 2 3 T
RHODE ISLAND BEARS 2 1 1 4
GUELPH STORM 2 0 1 3
Shots
1 2 3 T
RHODE ISLAND BEARS 15 11 18 44
GUELPH STORM 11 8 15 34

1st period

1. RHODE ISLAND BEARS , Justin Sourdif 1 (Matthew Phillips 9, Cole Schwindt 7) at 2:38
2. GUELPH STORM , Nikolai Kovalenko 7 (Christian Fischer 10) at 4:24
3. GUELPH STORM , Christian Fischer 8 (Nikolai Kovalenko 11, Skyler Brind'Amour 4) at 5:41
4. RHODE ISLAND BEARS , Matthew Phillips 7 (William Villeneuve 3, Jacob Moverare 4) at 13:07 (PP)

Penalties :
Rodwin Dionicio (GUE) for Fighting (Major) at 5:49, Alex Jefferies (RHI) for Fighting (Major) at 5:49, Owen Pickering (GUE) for Holding (Minor) at 11:22, Anton Wahlberg (GUE) for Elbowing (Minor) at 18:36

2nd period

5. RHODE ISLAND BEARS , Cole Schwindt 4 (Emil Andrae 6, Matthew Phillips 10) at 4:06 (SH)

Penalties :
Jeremie Poirier (RHI) for Holding Stick (Minor) at 2:11, David Spacek (GUE) for Tripping (Minor) at 12:54, Cross Hanas (RHI) for Hooking (Minor) at 12:54

3rd period

6. RHODE ISLAND BEARS , Emil Andrae 7 (Matthew Phillips 11, Conor Timmins 10) at 7:18 (SH)
7. GUELPH STORM , Nikolai Kovalenko 8 (Christian Fischer 11) at 18:16

Penalties :
Jeremie Poirier (RHI) for Holding (Minor) at 3:24, Carter Mazur (RHI) for Hooking (Minor) at 6:11

Goalie Stats

Artur Akhtyamov (RHI), 31 saves from 34 shots - (0,912), W, 6-4-0, 60:00 minutes
Cayden Primeau (GUE), 40 saves from 44 shots - (0,909), L, 4-7-0, 60:00 minutes

Players Stats for RHODE ISLAND BEARS

Player Name              G  A  P  +/- PIM S  H  SB GA TA FO     MP     PP MP  PK MP  
------------------------------------------------------------------------------------
Aatu Jamsen              0  0  0  -2  0   2  0  0  0  0  2/2    16:41   0:00   0:40 
Aleksanteri Kaskimaki    0  0  0  -2  0   2  3  0  0  0  3/18   18:28   0:00   2:00 
Alex Jefferies           0  0  0   0  5   1  0  0  0  0  1/2    14:50   2:13   0:30 
Carter Mazur             0  0  0  -2  2   3  0  1  0  0  1/1    15:44   0:00   0:00 
Cole Schwindt            1  1  2   2  0   8  0  0  0  0  13/22  17:34   1:31   3:09 
Conor Timmins            0  1  1   3  0   1  1  3  0  0  0/0    23:34   2:39   3:15 
Cross Hanas              0  0  0   0  2   2  3  0  0  0  0/1    16:04   2:13   0:00 
Emil Andrae              1  1  2   3  0   2  1  0  0  0  0/0    23:34   2:39   3:15 
Francesco Pinelli        0  0  0   0  0   1  0  0  0  0  3/7     6:49   0:00   0:00 
Jacob Moverare           0  1  1   0  0   1  1  0  0  0  0/0    18:02   1:05   2:23 
Jeremie Poirier          0  0  0  -3  4   1  3  0  0  0  0/0    18:03   0:00   0:00 
Justin Sourdif           1  0  1   0  0   4  0  0  0  0  1/3    13:35   1:31   0:00 
Matthew Phillips         1  3  4   2  0   10 0  1  0  0  4/14   24:49   1:31   3:45 
Rory Kerins              0  0  0   0  0   4  0  0  0  0  9/23   18:38   2:13   1:50 
Ryan Greene              0  0  0   0  0   0  0  0  0  0  1/1     2:26   0:00   0:00 
Samuel Poulin            0  0  0   0  0   0  2  0  0  0  0/0     6:23   0:00   0:00 
Topias Vilen             0  0  0  -3  0   0  2  4  0  0  0/0    18:08   0:00   0:19 
William Villeneuve       0  1  1   0  0   2  3  2  0  0  0/0    18:37   1:05   2:42 

Players Stats for GUELPH STORM

Player Name              G  A  P  +/- PIM S  H  SB GA TA FO     MP     PP MP  PK MP  
------------------------------------------------------------------------------------
Alexis Gendron           0  0  0   0  0   0  0  0  0  0  1/1    15:35   0:33   0:03 
Anton Wahlberg           0  0  0  -2  2   2  1  0  0  0  0/0    22:01   3:02   0:51 
Brandon Biro             0  0  0   0  0   2  0  1  0  0  7/16   14:57   0:00   0:24 
Brett Harrison           0  0  0   0  0   2  0  0  0  0  2/2    14:33   0:00   0:00 
Bryce McConnell-Barker   0  0  0   0  0   0  0  0  0  0  0/0     0:33   0:33   0:00 
Christian Fischer        1  2  3   2  0   7  2  1  0  0  13/24  22:28   2:22   2:29 
David Spacek             0  0  0  -1  2   0  3  1  0  0  0/0    23:33   3:02   1:29 
Graeme Clarke            0  0  0  -2  0   2  0  0  0  0  1/2    20:07   3:02   0:00 
Isaac Belliveau          0  0  0   0  0   0  0  4  0  0  0/0     7:54   0:33   1:05 
Jack Ahcan               0  0  0   1  0   1  1  2  0  0  0/0    25:15   2:22   1:43 
Jake Furlong             0  0  0   1  0   1  3  0  0  0  0/0    27:15   2:22   1:33 
Judd Caulfield           0  0  0   1  0   1  0  0  0  0  3/6    17:14   2:22   0:00 
Nikolai Kovalenko        2  1  3   2  0   10 0  1  0  0  4/7    22:28   2:22   2:29 
Owen Pickering           0  0  0  -1  2   0  0  3  0  0  0/0    23:34   3:02   0:41 
Rodwin Dionicio          0  0  0   0  5   1  1  1  0  0  0/0    11:43   0:33   0:54 
Skyler Brind'Amour       0  1  1   1  0   1  0  0  0  0  2/3     1:50   0:00   0:00 
Ty Mueller               0  0  0  -2  0   4  0  1  0  0  23/33  22:26   3:02   1:15 
Xavier Simoneau          0  0  0   0  0   0  0  0  0  0  0/0     0:47   0:33   0:00 

3 Stars

1 - Matthew Phillips (RHI)
2 - Nikolai Kovalenko (GUE)
3 - Christian Fischer (GUE)

Power Play

RHODE ISLAND BEARS - 1 on 2 Attempt(s) - 50,00%
GUELPH STORM - 0 on 3 Attempt(s) - 0,00%

Penalty Kill

RHODE ISLAND BEARS - 3 on 3 Attempt(s) - 100,00% - Score 2 goal in Penalty Kill
GUELPH STORM - 1 on 2 Attempt(s) - 50,00% - Score 0 goal in Penalty Kill

Team Stat

RHODE ISLAND BEARS - Hits : 19 - Faceoff Wins : 38 - Blocked Shots : 11 - Penalty Minutes : 13
GUELPH STORM - Hits : 11 - Faceoff Wins : 56 - Blocked Shots : 15 - Penalty Minutes : 11

Official

Referees : Pierre Lambert and Peter MacDougall
Linesman : Robb Harrell and Andrew Smith

Game Notes

Rodwin Dionicio and Alex Jefferies fight to a draw at 5:49 of 1st period

RHODE ISLAND BEARS

5 vs 5 Forward 
   Center                   Left Wing                Right Wing               Time % Phy DF OF 
 1 Cole Schwindt            Matthew Phillips         Justin Sourdif           36     1   2  2  
 2 Rory Kerins              Cross Hanas              Alex Jefferies           31     1   2  2  
 3 Aleksanteri Kaskimaki    Aatu Jamsen              Carter Mazur             23     1   2  2  
 4 Francesco Pinelli        Samuel Poulin            Matthew Phillips         10     1   2  2  

5 vs 5 Defense 
   Defense                  Defense                                           Time % Phy DF OF 
 1 Conor Timmins            Emil Andrae                                       36     1   2  2  
 2 William Villeneuve       Jacob Moverare                                    31     1   2  2  
 3 Jeremie Poirier          Topias Vilen                                      23     1   2  2  
 4 Conor Timmins            Emil Andrae                                       10     1   2  2  

PowerPlay Forward 
   Center                   Left Wing                Right Wing               Time % Phy DF OF 
 1 Cole Schwindt            Matthew Phillips         Justin Sourdif           55     1   2  2  
 2 Rory Kerins              Cross Hanas              Alex Jefferies           45     1   2  2  

PowerPlay Defense
   Defense                  Defense                                           Time % Phy DF OF 
 1 Conor Timmins            Emil Andrae                                       55     1   2  2  
 2 William Villeneuve       Jacob Moverare                                    45     1   2  2  

Penalty Kill 4 Players Forward 
   Center                   Wing                     Time % Phy DF OF 
 1 Matthew Phillips         Cole Schwindt            55     1   2  2  
 2 Rory Kerins              Aleksanteri Kaskimaki    45     1   2  2  

Penalty Kill 4 Players Defense
   Defense                  Defense                  Time % Phy DF OF 
 1 Conor Timmins            Emil Andrae              55     1   2  2  
 2 William Villeneuve       Jacob Moverare           45     1   2  2  

Penalty Kill - 3 Players Forward 
   Forward                                           Time % Phy DF OF 
 1 Matthew Phillips                                  55     1   2  2  
 2 Cole Schwindt                                     45     1   2  2  

Penalty Kill - 3 Players Defense
   Defense                  Defense                  Time % Phy DF OF 
 1 Conor Timmins            Emil Andrae              55     1   2  2  
 2 William Villeneuve       Jacob Moverare           45     1   2  2  

4 vs 4 Forward 
   Center                   Wing                     Time % Phy DF OF 
 1 Matthew Phillips         Cole Schwindt            55     1   2  2  
 2 Rory Kerins              Aleksanteri Kaskimaki    45     1   2  2  

4 vs 4 Defense
   Defense                  Defense                  Time % Phy DF OF 
 1 Conor Timmins            Emil Andrae              55     1   2  2  
 2 William Villeneuve       Jacob Moverare           45     1   2  2  

Last Minutes Offensive
   Center                   Left Wing                Right Wing               Defense                  Defense                  
   Cole Schwindt            Matthew Phillips         Justin Sourdif           Conor Timmins            Emil Andrae              

Last Minutes Defensive
   Center                   Left Wing                Right Wing               Defense                  Defense                  
   Cole Schwindt            Matthew Phillips         Justin Sourdif           Conor Timmins            Emil Andrae              

Goaltenders
Starting : Artur Akhtyamov          
Backup : Henrik Tikkanen          

Extra Forwards
Normal : Ryan Greene, Francesco Pinelli, Aatu Jamsen - PP : Ryan Greene, Francesco Pinelli - PK : Aatu Jamsen
Extra Defensemen
Normal : Jeremie Poirier, Topias Vilen, William Villeneuve - PP : Jeremie Poirier - PK : Topias Vilen, William Villeneuve
Penalty Shots
Matthew Phillips, Cole Schwindt, Rory Kerins, Aleksanteri Kaskimaki, Justin Sourdif

Scratches
Artem Shlaine (Healthy), Lukas Reichel (Healthy), Ludwig Persson (Healthy), Roby Jarventie (Healthy), Nikita Grebenkin (Healthy)
Matej Blumel (Healthy), Garin Bjorklund (Healthy)

GUELPH STORM

5 vs 5 Forward 
   Center                   Left Wing                Right Wing               Time % Phy DF OF 
 1 Christian Fischer        Nikolai Kovalenko        Judd Caulfield           36     1   2  2  
 2 Ty Mueller               Anton Wahlberg           Graeme Clarke            31     1   2  2  
 3 Brandon Biro             Brett Harrison           Alexis Gendron           23     1   2  2  
 4 Skyler Brind'Amour       Nikolai Kovalenko        Christian Fischer        10     1   2  2  

5 vs 5 Defense 
   Defense                  Defense                                           Time % Phy DF OF 
 1 Jake Furlong             Jack Ahcan                                        36     1   2  2  
 2 Owen Pickering           David Spacek                                      31     1   2  2  
 3 Jake Furlong             Rodwin Dionicio                                   23     1   2  2  
 4 Owen Pickering           Jack Ahcan                                        10     1   2  2  

PowerPlay Forward 
   Center                   Left Wing                Right Wing               Time % Phy DF OF 
 1 Christian Fischer        Nikolai Kovalenko        Judd Caulfield           55     1   2  2  
 2 Ty Mueller               Anton Wahlberg           Graeme Clarke            45     1   2  2  

PowerPlay Defense
   Defense                  Defense                                           Time % Phy DF OF 
 1 Jake Furlong             Jack Ahcan                                        55     1   2  2  
 2 Owen Pickering           David Spacek                                      45     1   2  2  

Penalty Kill 4 Players Forward 
   Center                   Wing                     Time % Phy DF OF 
 1 Nikolai Kovalenko        Christian Fischer        55     1   2  2  
 2 Ty Mueller               Anton Wahlberg           45     1   2  2  

Penalty Kill 4 Players Defense
   Defense                  Defense                  Time % Phy DF OF 
 1 Jake Furlong             Jack Ahcan               55     1   2  2  
 2 Owen Pickering           David Spacek             45     1   2  2  

Penalty Kill - 3 Players Forward 
   Forward                                           Time % Phy DF OF 
 1 Nikolai Kovalenko                                 55     1   2  2  
 2 Christian Fischer                                 45     1   2  2  

Penalty Kill - 3 Players Defense
   Defense                  Defense                  Time % Phy DF OF 
 1 Jake Furlong             Jack Ahcan               55     1   2  2  
 2 Owen Pickering           David Spacek             45     1   2  2  

4 vs 4 Forward 
   Center                   Wing                     Time % Phy DF OF 
 1 Nikolai Kovalenko        Christian Fischer        55     1   2  2  
 2 Ty Mueller               Anton Wahlberg           45     1   2  2  

4 vs 4 Defense
   Defense                  Defense                  Time % Phy DF OF 
 1 Rodwin Dionicio          Jack Ahcan               55     1   2  2  
 2 Owen Pickering           David Spacek             45     1   2  2  

Last Minutes Offensive
   Center                   Left Wing                Right Wing               Defense                  Defense                  
   Christian Fischer        Nikolai Kovalenko        Judd Caulfield           Owen Pickering           Jack Ahcan               

Last Minutes Defensive
   Center                   Left Wing                Right Wing               Defense                  Defense                  
   Christian Fischer        Nikolai Kovalenko        Judd Caulfield           Owen Pickering           Jack Ahcan               

Goaltenders
Starting : Cayden Primeau           
Backup : Matt Tomkins             

Extra Forwards
Normal : Xavier Simoneau, Bryce McConnell-Barker, Brandon Biro - PP : Xavier Simoneau, Bryce McConnell-Barker - PK : Brandon Biro
Extra Defensemen
Normal : Jake Furlong, Rodwin Dionicio, Owen Pickering - PP : Jake Furlong - PK : Rodwin Dionicio, Owen Pickering
Penalty Shots
Nikolai Kovalenko, Christian Fischer, Ty Mueller, Anton Wahlberg, Brandon Biro

Scratches
Joshua Lopina (Healthy), Ben Meyers (Healthy), Joshua Roy (Healthy), Jake Schmaltz (Healthy), Jakub Fibigr (Healthy)
Kailer Yamamoto (Healthy), Nikita Prishchepov (Healthy), Matthew Stienburg (Healthy), Nils Aman (Healthy), Luke Cavallin (Healthy)

% Time on Ice - RHODE ISLAND BEARS

Lines # - Real PCT - Wanted PCT - Time Play
Normal Forward
1 - 25% - 36% - 11:59
2 - 29% - 31% - 13:52
3 - 33% - 23% - 15:45
4 - 13% - 10% - 6:23
Normal Defense
1 - 33% - 36% - 15:36
2 - 29% - 31% - 13:44
3 - 37% - 23% - 17:49
4 - 2% - 10% - 0:50
PP Forward
1 - 41% - 55% - 1:31
2 - 59% - 45% - 2:13
PP Defense
1 - 71% - 55% - 2:39
2 - 29% - 45% - 1:05
PK Forward
1 - 69% - 55% - 4:07
2 - 31% - 45% - 1:50
PK Defense
1 - 55% - 55% - 3:15
2 - 45% - 45% - 2:42
PK3 Forward
1 - 0% - 55%
2 - 0% - 45%
PK3 Defense
1 - 0% - 55%
2 - 0% - 45%
44 Forward
1 - 64% - 55% - 1:16
2 - 36% - 45% - 0:43
44 Defense
1 - 45% - 55% - 0:53
2 - 55% - 45% - 1:06
Last Minute Offensive  - 0:00
Last Minute Defensive  - 0:21
Total
Forward - 60:00
Defense - 60:00

% Time on Ice - GUELPH STORM

Lines # - Real PCT - Wanted PCT - Time Play
Normal Forward
1 - 31% - 36% - 14:47
2 - 35% - 31% - 17:05
3 - 30% - 23% - 14:33
4 - 4% - 10% - 1:50
Normal Defense
1 - 29% - 36% - 14:14
2 - 35% - 31% - 16:49
3 - 27% - 23% - 12:59
4 - 9% - 10% - 4:13
PP Forward
1 - 40% - 55% - 2:22
2 - 60% - 45% - 3:35
PP Defense
1 - 49% - 55% - 2:55
2 - 51% - 45% - 3:02
PK Forward
1 - 67% - 55% - 2:29
2 - 33% - 45% - 1:15
PK Defense
1 - 35% - 55% - 1:18
2 - 65% - 45% - 2:26
PK3 Forward
1 - 0% - 55%
2 - 0% - 45%
PK3 Defense
1 - 0% - 55%
2 - 0% - 45%
44 Forward
1 - 46% - 55% - 0:55
2 - 54% - 45% - 1:04
44 Defense
1 - 54% - 55% - 1:04
2 - 46% - 45% - 0:55
Last Minute Offensive  - 0:05
Last Minute Defensive  - 0:00
Total
Forward - 60:00
Defense - 60:00

Play-by-Play

1st period


0:01 of 1st period - Cole Schwindt wins face-off versus Christian Fischer in neutral zone.
0:30 of 1st period - Shot by Cole Schwindt.
0:30 of 1st period - Shot Misses the Net.
0:32 of 1st period - Shot by Conor Timmins.
0:32 of 1st period - Deflect By Matthew Phillips.
0:32 of 1st period - Shot Misses the Net.
0:36 of 1st period - Shot by Justin Sourdif.
0:36 of 1st period - Shot Misses the Net.
0:53 of 1st period - Icing by William Villeneuve.
0:54 of 1st period - Rory Kerins wins face-off versus Ty Mueller in RHODE ISLAND BEARS zone.
1:09 of 1st period - Shot by Graeme Clarke.
1:09 of 1st period - Stopped by Artur Akhtyamov without a rebound.
1:10 of 1st period - Aleksanteri Kaskimaki wins face-off versus Brandon Biro in RHODE ISLAND BEARS zone.
1:26 of 1st period - Shot by Aleksanteri Kaskimaki.
1:26 of 1st period - Shot Blocked by Brandon Biro.
1:33 of 1st period - Icing by Jake Furlong.
1:34 of 1st period - Brandon Biro wins face-off versus Francesco Pinelli in GUELPH STORM zone.
1:34 of 1st period - Brandon Biro is hit by Samuel Poulin.
1:48 of 1st period - Off-side.
1:49 of 1st period - Ty Mueller wins face-off versus Rory Kerins in neutral zone.
2:02 of 1st period - Shot by Rory Kerins.
2:02 of 1st period - Stopped by Cayden Primeau without a rebound.
2:03 of 1st period - Skyler Brind'Amour wins face-off versus Aleksanteri Kaskimaki in GUELPH STORM zone.
2:26 of 1st period - Shot by Nikolai Kovalenko.
2:26 of 1st period - Stopped by Artur Akhtyamov without a rebound.
2:27 of 1st period - Ty Mueller wins face-off versus Cole Schwindt in RHODE ISLAND BEARS zone.
2:38 of 1st period - Shot by Matthew Phillips.
2:38 of 1st period - Deflect By Justin Sourdif.
2:38 of 1st period - Goal by Justin Sourdif - RHODE ISLAND BEARS : 1 - GUELPH STORM : 0.
2:39 of 1st period - Brandon Biro wins face-off versus Alex Jefferies in neutral zone.
2:41 of 1st period - Brett Harrison is hit by Cross Hanas and loses puck.
2:59 of 1st period - Shot by Brandon Biro.
2:59 of 1st period - Stopped by Artur Akhtyamov without a rebound.
3:00 of 1st period - Judd Caulfield wins face-off versus Cole Schwindt in RHODE ISLAND BEARS zone.
3:20 of 1st period - Shot by Justin Sourdif.
3:20 of 1st period - Shot Misses the Net.
3:28 of 1st period - Shot by Matthew Phillips.
3:28 of 1st period - Stopped by Cayden Primeau without a rebound.
3:29 of 1st period - Ty Mueller wins face-off versus Rory Kerins in GUELPH STORM zone.
3:35 of 1st period - Icing by Jacob Moverare.
3:36 of 1st period - Ty Mueller wins face-off versus Rory Kerins in RHODE ISLAND BEARS zone.
3:53 of 1st period - Shot by Rory Kerins.
3:53 of 1st period - Deflect By Alex Jefferies.
3:53 of 1st period - Stopped by Cayden Primeau without a rebound.
3:54 of 1st period - Christian Fischer wins face-off versus Francesco Pinelli in GUELPH STORM zone.
4:02 of 1st period - Conor Timmins is hit by Jake Furlong and loses puck.
4:16 of 1st period - Icing by Christian Fischer.
4:17 of 1st period - Christian Fischer wins face-off versus Aleksanteri Kaskimaki in GUELPH STORM zone.
4:24 of 1st period - Shot by Nikolai Kovalenko.
4:24 of 1st period - Goal by Nikolai Kovalenko - RHODE ISLAND BEARS : 1 - GUELPH STORM : 1.
4:25 of 1st period - Ty Mueller wins face-off versus Cole Schwindt in neutral zone.
4:28 of 1st period - Shot by Graeme Clarke.
4:28 of 1st period - Stopped by Artur Akhtyamov without a rebound.
4:29 of 1st period - Ty Mueller wins face-off versus Justin Sourdif in RHODE ISLAND BEARS zone.
5:29 of 1st period - Off-side.
5:30 of 1st period - Skyler Brind'Amour wins face-off versus Aleksanteri Kaskimaki in neutral zone.
5:41 of 1st period - Shot by Christian Fischer.
5:41 of 1st period - Goal by Christian Fischer - RHODE ISLAND BEARS : 1 - GUELPH STORM : 2.
5:42 of 1st period - Rory Kerins wins face-off versus Brandon Biro in neutral zone.
5:49 of 1st period - Rodwin Dionicio and Alex Jefferies fight to a draw.
5:49 of 1st period - Penalty to Rodwin Dionicio for Fighting.
5:49 of 1st period - Penalty to Alex Jefferies for Fighting.
5:50 of 1st period - Christian Fischer wins face-off versus Aleksanteri Kaskimaki in GUELPH STORM zone.
6:10 of 1st period - Shot by Nikolai Kovalenko.
6:10 of 1st period - Shot Blocked by Topias Vilen.
6:12 of 1st period - Shot by Christian Fischer.
6:12 of 1st period - Shot Misses the Net.
6:16 of 1st period - Shot by Nikolai Kovalenko.
6:16 of 1st period - Shot Blocked by Topias Vilen.
6:18 of 1st period - Shot by Nikolai Kovalenko.
6:18 of 1st period - Shot Blocked by Topias Vilen.
6:43 of 1st period - Brett Harrison is hit by Cross Hanas and loses puck.
7:54 of 1st period - Shot by Matthew Phillips.
7:54 of 1st period - Shot Misses the Net.
8:12 of 1st period - Shot by Christian Fischer.
8:12 of 1st period - Stopped by Artur Akhtyamov with a rebound.
8:49 of 1st period - Shot by Aatu Jamsen.
8:49 of 1st period - Shot Blocked by Christian Fischer.
8:51 of 1st period - Shot by Topias Vilen.
8:51 of 1st period - Shot Blocked by Isaac Belliveau.
9:40 of 1st period - Ty Mueller is hit by William Villeneuve and loses puck.
10:02 of 1st period - Brandon Biro is hit by William Villeneuve and loses puck.
10:07 of 1st period - Shot by Brett Harrison.
10:07 of 1st period - Shot Misses the Net.
10:09 of 1st period - Shot by Jake Furlong.
10:09 of 1st period - Stopped by Artur Akhtyamov without a rebound.
10:10 of 1st period - Brett Harrison wins face-off versus Cole Schwindt in RHODE ISLAND BEARS zone.
10:10 of 1st period - Brett Harrison is hit by Topias Vilen.
10:39 of 1st period - Shot by Justin Sourdif.
10:39 of 1st period - Shot Misses the Net.
11:01 of 1st period - Shot by Conor Timmins.
11:01 of 1st period - Shot Misses the Net.
11:03 of 1st period - Shot by Aleksanteri Kaskimaki.
11:03 of 1st period - Stopped by Cayden Primeau without a rebound.
11:04 of 1st period - Aatu Jamsen wins face-off versus Ty Mueller in GUELPH STORM zone.
11:09 of 1st period - Shot by Aleksanteri Kaskimaki.
11:09 of 1st period - Shot Misses the Net.
11:22 of 1st period - Minor Penalty to Owen Pickering for Holding.
11:23 of 1st period - Nikolai Kovalenko wins face-off versus Rory Kerins in GUELPH STORM zone.
12:21 of 1st period - Icing by Emil Andrae.
12:22 of 1st period - Rory Kerins wins face-off versus Nikolai Kovalenko in RHODE ISLAND BEARS zone.
12:55 of 1st period - Shot by Cole Schwindt.
12:55 of 1st period - Stopped by Cayden Primeau without a rebound.
12:56 of 1st period - Cole Schwindt wins face-off versus Ty Mueller in GUELPH STORM zone.
13:01 of 1st period - Shot by Matthew Phillips.
13:01 of 1st period - Deflect By Justin Sourdif.
13:01 of 1st period - Stopped by Cayden Primeau with a rebound.
13:03 of 1st period - Shot by Jacob Moverare.
13:03 of 1st period - Shot Blocked by Ty Mueller.
13:05 of 1st period - Shot by William Villeneuve.
13:05 of 1st period - Shot Misses the Net.
13:07 of 1st period - Shot by Matthew Phillips.
13:07 of 1st period - Goal by Matthew Phillips - RHODE ISLAND BEARS : 2 - GUELPH STORM : 2.
13:08 of 1st period - Brett Harrison wins face-off versus Aleksanteri Kaskimaki in neutral zone.
13:13 of 1st period - Shot by Brett Harrison.
13:13 of 1st period - Shot Misses the Net.
13:27 of 1st period - Shot by Brandon Biro.
13:27 of 1st period - Shot Blocked by Topias Vilen.
13:43 of 1st period - Shot by Brett Harrison.
13:43 of 1st period - Stopped by Artur Akhtyamov without a rebound.
13:44 of 1st period - Justin Sourdif wins face-off versus Christian Fischer in RHODE ISLAND BEARS zone.
13:44 of 1st period - Justin Sourdif is hit by Christian Fischer.
13:55 of 1st period - Shot by Nikolai Kovalenko.
13:55 of 1st period - Shot Misses the Net.
13:57 of 1st period - Shot by Nikolai Kovalenko.
13:57 of 1st period - Stopped by Artur Akhtyamov without a rebound.
13:58 of 1st period - Graeme Clarke wins face-off versus Francesco Pinelli in RHODE ISLAND BEARS zone.
15:11 of 1st period - Shot by Jeremie Poirier.
15:11 of 1st period - Stopped by Cayden Primeau without a rebound.
15:12 of 1st period - Aleksanteri Kaskimaki wins face-off versus Brandon Biro in GUELPH STORM zone.
15:23 of 1st period - Shot by Emil Andrae.
15:23 of 1st period - Stopped by Cayden Primeau without a rebound.
15:24 of 1st period - Cole Schwindt wins face-off versus Christian Fischer in GUELPH STORM zone.
15:33 of 1st period - Shot by Cole Schwindt.
15:33 of 1st period - Stopped by Cayden Primeau without a rebound.
15:34 of 1st period - Carter Mazur wins face-off versus Brandon Biro in GUELPH STORM zone.
15:34 of 1st period - Aleksanteri Kaskimaki is hit by Jake Furlong and loses puck.
15:47 of 1st period - Shot by Carter Mazur.
15:47 of 1st period - Shot Blocked by Jack Ahcan.
15:49 of 1st period - Shot by Carter Mazur.
15:49 of 1st period - Shot Hit the Post.
15:59 of 1st period - Aleksanteri Kaskimaki is hit by Jake Furlong and loses puck.
16:06 of 1st period - Shot by Carter Mazur.
16:06 of 1st period - Stopped by Cayden Primeau with a rebound.
16:08 of 1st period - Shot by Jeremie Poirier.
16:08 of 1st period - Shot Misses the Net.
16:42 of 1st period - Shot by Nikolai Kovalenko.
16:42 of 1st period - Stopped by Artur Akhtyamov with a rebound.
16:44 of 1st period - Shot by Christian Fischer.
16:44 of 1st period - Shot Misses the Net.
16:49 of 1st period - Christian Fischer is hit by Emil Andrae and loses puck.
17:23 of 1st period - Shot by Cross Hanas.
17:23 of 1st period - Stopped by Cayden Primeau with a rebound.
18:06 of 1st period - Icing by Rodwin Dionicio.
18:07 of 1st period - Ty Mueller wins face-off versus Aleksanteri Kaskimaki in GUELPH STORM zone.
18:07 of 1st period - Ty Mueller is hit by Aleksanteri Kaskimaki.
18:36 of 1st period - Minor Penalty to Anton Wahlberg for Elbowing.
18:37 of 1st period - Cole Schwindt wins face-off versus Nikolai Kovalenko in GUELPH STORM zone.
19:44 of 1st period - Shot by Jacob Moverare.
19:44 of 1st period - Shot Misses the Net.
19:46 of 1st period - Shot by Jacob Moverare.
19:46 of 1st period - Stopped by Cayden Primeau with a rebound.
19:48 of 1st period - Shot by William Villeneuve.
19:48 of 1st period - Stopped by Cayden Primeau without a rebound.
19:49 of 1st period - Ty Mueller wins face-off versus Rory Kerins in GUELPH STORM zone.
Goals for this period are 2 for RHODE ISLAND BEARS vs 2 for GUELPH STORM.
Shots for this period are 15 for RHODE ISLAND BEARS vs 11 for GUELPH STORM.

2nd period


0:01 of 2nd period - Nikolai Kovalenko wins face-off versus Matthew Phillips in neutral zone.
0:22 of 2nd period - Shot by Conor Timmins.
0:22 of 2nd period - Stopped by Cayden Primeau without a rebound.
0:23 of 2nd period - Ty Mueller wins face-off versus Rory Kerins in GUELPH STORM zone.
0:37 of 2nd period - Cross Hanas is hit by David Spacek and loses puck.
1:12 of 2nd period - Shot by Aatu Jamsen.
1:12 of 2nd period - Shot Misses the Net.
1:45 of 2nd period - Shot by Nikolai Kovalenko.
1:45 of 2nd period - Shot Misses the Net.
1:47 of 2nd period - Shot by Nikolai Kovalenko.
1:47 of 2nd period - Shot Misses the Net.
2:03 of 2nd period - Shot by Christian Fischer.
2:03 of 2nd period - Shot Misses the Net.
2:10 of 2nd period - Icing by Topias Vilen.
2:11 of 2nd period - Brandon Biro wins face-off versus Aleksanteri Kaskimaki in RHODE ISLAND BEARS zone.
2:11 of 2nd period - Minor Penalty to Jeremie Poirier for Holding Stick.
2:12 of 2nd period - Ty Mueller wins face-off versus Matthew Phillips in RHODE ISLAND BEARS zone.
2:29 of 2nd period - Shot by Graeme Clarke.
2:29 of 2nd period - Deflect By Ty Mueller.
2:29 of 2nd period - Shot Misses the Net.
2:31 of 2nd period - Shot by Ty Mueller.
2:31 of 2nd period - Stopped by Artur Akhtyamov without a rebound.
2:32 of 2nd period - Judd Caulfield wins face-off versus Matthew Phillips in RHODE ISLAND BEARS zone.
2:37 of 2nd period - Shot by Christian Fischer.
2:37 of 2nd period - Shot Misses the Net.
3:52 of 2nd period - Icing by Owen Pickering.
3:53 of 2nd period - Matthew Phillips wins face-off versus Ty Mueller in GUELPH STORM zone.
4:00 of 2nd period - Shot by Matthew Phillips.
4:00 of 2nd period - Shot Blocked by David Spacek.
4:02 of 2nd period - Shot by Cole Schwindt.
4:02 of 2nd period - Stopped by Cayden Primeau with a rebound.
4:04 of 2nd period - Shot by Emil Andrae.
4:04 of 2nd period - Shot Misses the Net.
4:06 of 2nd period - Shot by Emil Andrae.
4:06 of 2nd period - Deflect By Cole Schwindt.
4:06 of 2nd period - Goal by Cole Schwindt - RHODE ISLAND BEARS : 3 - GUELPH STORM : 2.
4:07 of 2nd period - Christian Fischer wins face-off versus Matthew Phillips in neutral zone.
5:06 of 2nd period - Brandon Biro is hit by Samuel Poulin and loses puck.
5:19 of 2nd period - Shot by Matthew Phillips.
5:19 of 2nd period - Shot Misses the Net.
5:31 of 2nd period - Shot by Matthew Phillips.
5:31 of 2nd period - Stopped by Cayden Primeau with a rebound.
5:38 of 2nd period - Icing by Rodwin Dionicio.
5:39 of 2nd period - Aatu Jamsen wins face-off versus Brandon Biro in GUELPH STORM zone.
5:39 of 2nd period - Aatu Jamsen is hit by Rodwin Dionicio.
5:45 of 2nd period - Shot by Aleksanteri Kaskimaki.
5:45 of 2nd period - Stopped by Cayden Primeau without a rebound.
5:46 of 2nd period - Christian Fischer wins face-off versus Aleksanteri Kaskimaki in GUELPH STORM zone.
6:23 of 2nd period - Christian Fischer is hit by William Villeneuve and loses puck.
6:38 of 2nd period - Shot by Ty Mueller.
6:38 of 2nd period - Shot Misses the Net.
6:40 of 2nd period - Shot by Ty Mueller.
6:40 of 2nd period - Stopped by Artur Akhtyamov with a rebound.
6:47 of 2nd period - Anton Wahlberg is hit by Jacob Moverare and loses puck.
6:56 of 2nd period - Shot by Anton Wahlberg.
6:56 of 2nd period - Stopped by Artur Akhtyamov without a rebound.
6:57 of 2nd period - Ty Mueller wins face-off versus Cole Schwindt in RHODE ISLAND BEARS zone.
7:03 of 2nd period - Icing by Conor Timmins.
7:04 of 2nd period - Matthew Phillips wins face-off versus Skyler Brind'Amour in RHODE ISLAND BEARS zone.
7:20 of 2nd period - Shot by Conor Timmins.
7:20 of 2nd period - Shot Hit the Post.
7:22 of 2nd period - Shot by Conor Timmins.
7:22 of 2nd period - Shot Blocked by Owen Pickering.
7:49 of 2nd period - Icing by Ty Mueller.
7:50 of 2nd period - Ty Mueller wins face-off versus Rory Kerins in GUELPH STORM zone.
7:50 of 2nd period - Ty Mueller is hit by Jeremie Poirier.
8:13 of 2nd period - Ty Mueller is hit by Jeremie Poirier and loses puck.
8:56 of 2nd period - Shot by Matthew Phillips.
8:56 of 2nd period - Stopped by Cayden Primeau without a rebound.
8:57 of 2nd period - Christian Fischer wins face-off versus Aleksanteri Kaskimaki in GUELPH STORM zone.
8:57 of 2nd period - Christian Fischer is hit by Aleksanteri Kaskimaki.
10:00 of 2nd period - Icing by Cole Schwindt.
10:01 of 2nd period - Brandon Biro wins face-off versus Matthew Phillips in RHODE ISLAND BEARS zone.
10:06 of 2nd period - Shot by Alexis Gendron.
10:06 of 2nd period - Shot Misses the Net.
10:22 of 2nd period - Shot by Cole Schwindt.
10:22 of 2nd period - Shot Blocked by Jack Ahcan.
10:52 of 2nd period - Icing by William Villeneuve.
10:53 of 2nd period - Rory Kerins wins face-off versus Christian Fischer in RHODE ISLAND BEARS zone.
11:12 of 2nd period - Shot by Nikolai Kovalenko.
11:12 of 2nd period - Shot Blocked by William Villeneuve.
11:25 of 2nd period - Off-side.
11:26 of 2nd period - Ty Mueller wins face-off versus Aleksanteri Kaskimaki in neutral zone.
11:37 of 2nd period - Shot by Anton Wahlberg.
11:37 of 2nd period - Shot Misses the Net.
12:22 of 2nd period - Icing by Jack Ahcan.
12:23 of 2nd period - Cole Schwindt wins face-off versus Brandon Biro in GUELPH STORM zone.
12:52 of 2nd period - Shot by Cole Schwindt.
12:52 of 2nd period - Stopped by Cayden Primeau without a rebound.
12:53 of 2nd period - Christian Fischer wins face-off versus Rory Kerins in GUELPH STORM zone.
12:53 of 2nd period - Christian Fischer is hit by Cross Hanas.
12:54 of 2nd period - Minor Penalty to David Spacek for Tripping.
12:54 of 2nd period - Minor Penalty to Cross Hanas for Hooking.
12:55 of 2nd period - Nikolai Kovalenko wins face-off versus Matthew Phillips in GUELPH STORM zone.
13:10 of 2nd period - Shot by Christian Fischer.
13:10 of 2nd period - Shot Blocked by Matthew Phillips.
13:12 of 2nd period - Shot by Nikolai Kovalenko.
13:12 of 2nd period - Stopped by Artur Akhtyamov with a rebound.
13:26 of 2nd period - Shot by Nikolai Kovalenko.
13:26 of 2nd period - Stopped by Artur Akhtyamov with a rebound.
14:43 of 2nd period - Off-side.
14:44 of 2nd period - Ryan Greene wins face-off versus Nikolai Kovalenko in neutral zone.
15:22 of 2nd period - Shot by Aleksanteri Kaskimaki.
15:22 of 2nd period - Shot Misses the Net.
15:24 of 2nd period - Shot by Topias Vilen.
15:24 of 2nd period - Shot Misses the Net.
15:26 of 2nd period - Shot by Carter Mazur.
15:26 of 2nd period - Stopped by Cayden Primeau without a rebound.
15:27 of 2nd period - Christian Fischer wins face-off versus Rory Kerins in GUELPH STORM zone.
15:34 of 2nd period - Off-side.
15:35 of 2nd period - Rory Kerins wins face-off versus Christian Fischer in neutral zone.
15:48 of 2nd period - Shot by Nikolai Kovalenko.
15:48 of 2nd period - Deflect By Christian Fischer.
15:48 of 2nd period - Shot Blocked by Conor Timmins.
16:00 of 2nd period - Shot by Nikolai Kovalenko.
16:00 of 2nd period - Deflect By Judd Caulfield.
16:00 of 2nd period - Stopped by Artur Akhtyamov without a rebound.
16:01 of 2nd period - Ty Mueller wins face-off versus Cole Schwindt in RHODE ISLAND BEARS zone.
16:14 of 2nd period - Icing by Owen Pickering.
16:15 of 2nd period - Ty Mueller wins face-off versus Aleksanteri Kaskimaki in GUELPH STORM zone.
16:39 of 2nd period - Aleksanteri Kaskimaki is hit by David Spacek.
17:10 of 2nd period - Shot by Christian Fischer.
17:10 of 2nd period - Stopped by Artur Akhtyamov without a rebound.
17:11 of 2nd period - Brandon Biro wins face-off versus Matthew Phillips in RHODE ISLAND BEARS zone.
17:12 of 2nd period - Shot by Brett Harrison.
17:12 of 2nd period - Shot Hit the Post.
17:17 of 2nd period - Icing by Matthew Phillips.
17:18 of 2nd period - Cole Schwindt wins face-off versus Christian Fischer in RHODE ISLAND BEARS zone.
17:33 of 2nd period - Shot by Matthew Phillips.
17:33 of 2nd period - Stopped by Cayden Primeau with a rebound.
17:41 of 2nd period - Shot by Matthew Phillips.
17:41 of 2nd period - Shot Hit the Post.
17:43 of 2nd period - Shot by Emil Andrae.
17:43 of 2nd period - Deflect By Cole Schwindt.
17:43 of 2nd period - Stopped by Cayden Primeau with a rebound.
19:08 of 2nd period - Shot by Brett Harrison.
19:08 of 2nd period - Shot Misses the Net.
19:16 of 2nd period - Isaac Belliveau is hit by Aleksanteri Kaskimaki and loses puck.
19:51 of 2nd period - Shot by Matthew Phillips.
19:51 of 2nd period - Stopped by Cayden Primeau with a rebound.
19:58 of 2nd period - Shot by Skyler Brind'Amour.
19:58 of 2nd period - Stopped by Artur Akhtyamov without a rebound.
19:59 of 2nd period - Ty Mueller wins face-off versus Rory Kerins in RHODE ISLAND BEARS zone.
Goals for this period are 1 for RHODE ISLAND BEARS vs 0 for GUELPH STORM.
Shots for this period are 11 for RHODE ISLAND BEARS vs 8 for GUELPH STORM.

3rd period


0:01 of 3rd period - Cole Schwindt wins face-off versus Christian Fischer in neutral zone.
0:32 of 3rd period - Shot by Cole Schwindt.
0:32 of 3rd period - Stopped by Cayden Primeau without a rebound.
0:33 of 3rd period - Ty Mueller wins face-off versus Rory Kerins in GUELPH STORM zone.
0:40 of 3rd period - Shot by Anton Wahlberg.
0:40 of 3rd period - Stopped by Artur Akhtyamov with a rebound.
0:44 of 3rd period - Shot by Ty Mueller.
0:44 of 3rd period - Stopped by Artur Akhtyamov without a rebound.
0:45 of 3rd period - Brandon Biro wins face-off versus Aleksanteri Kaskimaki in RHODE ISLAND BEARS zone.
0:45 of 3rd period - Brandon Biro is hit by Jeremie Poirier.
0:47 of 3rd period - Shot by Brett Harrison.
0:47 of 3rd period - Stopped by Artur Akhtyamov without a rebound.
0:48 of 3rd period - Ty Mueller wins face-off versus Cross Hanas in RHODE ISLAND BEARS zone.
0:56 of 3rd period - Icing by William Villeneuve.
0:57 of 3rd period - Christian Fischer wins face-off versus Rory Kerins in RHODE ISLAND BEARS zone.
1:10 of 3rd period - Shot by Rory Kerins.
1:10 of 3rd period - Stopped by Cayden Primeau with a rebound.
1:12 of 3rd period - Shot by Rory Kerins.
1:12 of 3rd period - Stopped by Cayden Primeau without a rebound.
1:13 of 3rd period - Cole Schwindt wins face-off versus Graeme Clarke in GUELPH STORM zone.
1:23 of 3rd period - Shot by Matthew Phillips.
1:23 of 3rd period - Stopped by Cayden Primeau without a rebound.
1:24 of 3rd period - Christian Fischer wins face-off versus Rory Kerins in GUELPH STORM zone.
1:29 of 3rd period - Cross Hanas is hit by Christian Fischer.
1:57 of 3rd period - Cross Hanas is hit by Jack Ahcan.
2:01 of 3rd period - Shot by Alex Jefferies.
2:01 of 3rd period - Shot Blocked by Nikolai Kovalenko.
3:24 of 3rd period - Minor Penalty to Jeremie Poirier for Holding.
3:25 of 3rd period - Nikolai Kovalenko wins face-off versus Cole Schwindt in RHODE ISLAND BEARS zone.
3:28 of 3rd period - Shot by Christian Fischer.
3:28 of 3rd period - Shot Misses the Net.
5:08 of 3rd period - Shot by Xavier Simoneau.
5:08 of 3rd period - Shot Misses the Net.
5:10 of 3rd period - Shot by Isaac Belliveau.
5:10 of 3rd period - Shot Misses the Net.
5:24 of 3rd period - Off-side.
5:25 of 3rd period - Alex Jefferies wins face-off versus Brandon Biro in neutral zone.
5:49 of 3rd period - Shot by Brandon Biro.
5:49 of 3rd period - Stopped by Artur Akhtyamov without a rebound.
5:50 of 3rd period - Francesco Pinelli wins face-off versus Ty Mueller in RHODE ISLAND BEARS zone.
5:54 of 3rd period - Off-side.
5:55 of 3rd period - Ty Mueller wins face-off versus Aleksanteri Kaskimaki in neutral zone.
5:59 of 3rd period - Ty Mueller is hit by Topias Vilen and loses puck.
6:10 of 3rd period - Shot by Aleksanteri Kaskimaki.
6:10 of 3rd period - Shot Blocked by Owen Pickering.
6:11 of 3rd period - Minor Penalty to Carter Mazur for Hooking.
6:12 of 3rd period - Cole Schwindt wins face-off versus Christian Fischer in RHODE ISLAND BEARS zone.
6:32 of 3rd period - Off-side.
6:33 of 3rd period - Aleksanteri Kaskimaki wins face-off versus Ty Mueller in neutral zone.
6:39 of 3rd period - Icing by Anton Wahlberg.
6:40 of 3rd period - Matthew Phillips wins face-off versus Ty Mueller in GUELPH STORM zone.
6:48 of 3rd period - Icing by Owen Pickering.
6:49 of 3rd period - Ty Mueller wins face-off versus Matthew Phillips in GUELPH STORM zone.
7:02 of 3rd period - Shot by Ty Mueller.
7:02 of 3rd period - Stopped by Artur Akhtyamov without a rebound.
7:03 of 3rd period - Christian Fischer wins face-off versus Cole Schwindt in RHODE ISLAND BEARS zone.
7:06 of 3rd period - Shot by Christian Fischer.
7:06 of 3rd period - Stopped by Artur Akhtyamov without a rebound.
7:07 of 3rd period - Christian Fischer wins face-off versus Matthew Phillips in RHODE ISLAND BEARS zone.
7:16 of 3rd period - Shot by Matthew Phillips.
7:16 of 3rd period - Stopped by Cayden Primeau with a rebound.
7:18 of 3rd period - Shot by Emil Andrae.
7:18 of 3rd period - Goal by Emil Andrae - RHODE ISLAND BEARS : 4 - GUELPH STORM : 2.
7:19 of 3rd period - Rory Kerins wins face-off versus Ty Mueller in neutral zone.
8:22 of 3rd period - Shot by Matthew Phillips.
8:22 of 3rd period - Stopped by Cayden Primeau without a rebound.
8:23 of 3rd period - Rory Kerins wins face-off versus Judd Caulfield in GUELPH STORM zone.
8:36 of 3rd period - Shot by Rory Kerins.
8:36 of 3rd period - Shot Misses the Net.
8:40 of 3rd period - Shot by Rory Kerins.
8:40 of 3rd period - Stopped by Cayden Primeau without a rebound.
8:41 of 3rd period - Francesco Pinelli wins face-off versus Brandon Biro in GUELPH STORM zone.
8:42 of 3rd period - Shot by Matthew Phillips.
8:42 of 3rd period - Shot Blocked by Rodwin Dionicio.
8:44 of 3rd period - Shot by Matthew Phillips.
8:44 of 3rd period - Stopped by Cayden Primeau without a rebound.
8:45 of 3rd period - Cole Schwindt wins face-off versus Judd Caulfield in GUELPH STORM zone.
8:45 of 3rd period - Matthew Phillips is hit by David Spacek and loses puck.
9:14 of 3rd period - Shot by Justin Sourdif.
9:14 of 3rd period - Stopped by Cayden Primeau without a rebound.
9:15 of 3rd period - Rory Kerins wins face-off versus Ty Mueller in GUELPH STORM zone.
9:27 of 3rd period - Icing by Jake Furlong.
9:28 of 3rd period - Ty Mueller wins face-off versus Aleksanteri Kaskimaki in GUELPH STORM zone.
10:03 of 3rd period - Shot by Aleksanteri Kaskimaki.
10:03 of 3rd period - Shot Misses the Net.
10:35 of 3rd period - Shot by Nikolai Kovalenko.
10:35 of 3rd period - Shot Misses the Net.
10:37 of 3rd period - Shot by Nikolai Kovalenko.
10:37 of 3rd period - Stopped by Artur Akhtyamov without a rebound.
10:38 of 3rd period - Brandon Biro wins face-off versus Cole Schwindt in RHODE ISLAND BEARS zone.
10:38 of 3rd period - Alexis Gendron is hit by Conor Timmins and loses puck.
11:07 of 3rd period - Shot by Cole Schwindt.
11:07 of 3rd period - Stopped by Cayden Primeau without a rebound.
11:08 of 3rd period - Rory Kerins wins face-off versus Christian Fischer in GUELPH STORM zone.
11:25 of 3rd period - Shot by Nikolai Kovalenko.
11:25 of 3rd period - Stopped by Artur Akhtyamov without a rebound.
11:26 of 3rd period - Francesco Pinelli wins face-off versus Ty Mueller in RHODE ISLAND BEARS zone.
11:26 of 3rd period - Francesco Pinelli is hit by Anton Wahlberg.
13:20 of 3rd period - Shot by Aatu Jamsen.
13:20 of 3rd period - Stopped by Cayden Primeau without a rebound.
13:21 of 3rd period - Cole Schwindt wins face-off versus Christian Fischer in GUELPH STORM zone.
13:26 of 3rd period - Shot by Justin Sourdif.
13:26 of 3rd period - Stopped by Cayden Primeau without a rebound.
13:27 of 3rd period - Cole Schwindt wins face-off versus Judd Caulfield in GUELPH STORM zone.
14:28 of 3rd period - Shot by Rory Kerins.
14:28 of 3rd period - Shot Blocked by Isaac Belliveau.
14:38 of 3rd period - Shot by Rory Kerins.
14:38 of 3rd period - Shot Misses the Net.
14:40 of 3rd period - Shot by Rory Kerins.
14:40 of 3rd period - Shot Blocked by Isaac Belliveau.
14:48 of 3rd period - Shot by Rory Kerins.
14:48 of 3rd period - Shot Misses the Net.
15:16 of 3rd period - Shot by Carter Mazur.
15:16 of 3rd period - Stopped by Cayden Primeau without a rebound.
15:17 of 3rd period - Alexis Gendron wins face-off versus Matthew Phillips in GUELPH STORM zone.
15:26 of 3rd period - Icing by Matthew Phillips.
15:27 of 3rd period - Ty Mueller wins face-off versus Francesco Pinelli in RHODE ISLAND BEARS zone.
15:30 of 3rd period - Shot by Anton Wahlberg.
15:30 of 3rd period - Shot Blocked by Conor Timmins.
15:32 of 3rd period - Shot by Anton Wahlberg.
15:32 of 3rd period - Shot Misses the Net.
15:48 of 3rd period - Shot by Graeme Clarke.
15:48 of 3rd period - Deflect By Ty Mueller.
15:48 of 3rd period - Shot Misses the Net.
16:28 of 3rd period - Shot by Christian Fischer.
16:28 of 3rd period - Stopped by Artur Akhtyamov with a rebound.
16:57 of 3rd period - Shot by Cross Hanas.
16:57 of 3rd period - Stopped by Cayden Primeau with a rebound.
16:59 of 3rd period - Shot by William Villeneuve.
16:59 of 3rd period - Stopped by Cayden Primeau with a rebound.
17:11 of 3rd period - Shot by Rory Kerins.
17:11 of 3rd period - Deflect By Alex Jefferies.
17:11 of 3rd period - Shot Blocked by Isaac Belliveau.
17:54 of 3rd period - Shot by Aatu Jamsen.
17:54 of 3rd period - Stopped by Cayden Primeau without a rebound.
17:55 of 3rd period - Cole Schwindt wins face-off versus Christian Fischer in GUELPH STORM zone.
18:04 of 3rd period - Shot by Christian Fischer.
18:04 of 3rd period - Stopped by Artur Akhtyamov with a rebound.
18:08 of 3rd period - Shot by Nikolai Kovalenko.
18:08 of 3rd period - Shot Misses the Net.
18:10 of 3rd period - Shot by Christian Fischer.
18:10 of 3rd period - Stopped by Artur Akhtyamov with a rebound.
18:12 of 3rd period - Shot by Nikolai Kovalenko.
18:12 of 3rd period - Shot Misses the Net.
18:16 of 3rd period - Shot by Nikolai Kovalenko.
18:16 of 3rd period - Goal by Nikolai Kovalenko - RHODE ISLAND BEARS : 4 - GUELPH STORM : 3.
18:17 of 3rd period - Ty Mueller wins face-off versus Rory Kerins in neutral zone.
18:43 of 3rd period - Shot by Ty Mueller.
18:43 of 3rd period - Shot Misses the Net.
18:45 of 3rd period - Shot by Ty Mueller.
18:45 of 3rd period - Shot Blocked by William Villeneuve.
18:47 of 3rd period - Shot by Jack Ahcan.
18:47 of 3rd period - Stopped by Artur Akhtyamov without a rebound.
18:48 of 3rd period - Judd Caulfield wins face-off versus Aleksanteri Kaskimaki in RHODE ISLAND BEARS zone.
18:49 of 3rd period - Shot by Nikolai Kovalenko.
18:49 of 3rd period - Stopped by Artur Akhtyamov with a rebound.
18:51 of 3rd period - Shot by Christian Fischer.
18:51 of 3rd period - Shot Blocked by Conor Timmins.
18:53 of 3rd period - Shot by Nikolai Kovalenko.
18:53 of 3rd period - Shot Misses the Net.
18:55 of 3rd period - Shot by Christian Fischer.
18:55 of 3rd period - Shot Blocked by Carter Mazur.
18:57 of 3rd period - Shot by Rodwin Dionicio.
18:57 of 3rd period - Stopped by Artur Akhtyamov without a rebound.
18:58 of 3rd period - Matthew Phillips wins face-off versus Brandon Biro in RHODE ISLAND BEARS zone.
19:16 of 3rd period - Shot by Cole Schwindt.
19:16 of 3rd period - Deflect By Matthew Phillips.
19:16 of 3rd period - Shot Misses the Net.
19:18 of 3rd period - Shot by Cole Schwindt.
19:18 of 3rd period - Shot Blocked by Owen Pickering.
19:54 of 3rd period - Shot by Emil Andrae.
19:54 of 3rd period - Deflect By Francesco Pinelli.
19:54 of 3rd period - Stopped by Cayden Primeau without a rebound.
19:55 of 3rd period - Christian Fischer wins face-off versus Justin Sourdif in GUELPH STORM zone.
Goals for this period are 1 for RHODE ISLAND BEARS vs 1 for GUELPH STORM.
Shots for this period are 18 for RHODE ISLAND BEARS vs 15 for GUELPH STORM.